 Dungeon Crawl Stone Soup version 0.23.2 (webtiles) character file.

Game seed: 13057508243690187241

10488 pkoi the Arsonist (level 11, -9/97 HPs)
             Began as a Black Draconian Fire Elementalist on Apr 2, 2019.
             Was an Elder of Ru.
             Mangled by a freezing wraith (10 damage)
             ... in an ice cave on Apr 3, 2019.
             The game lasted 00:35:31 (14735 turns).

pkoi the Arsonist (DrFE)                           Turns: 14735, Time: 00:35:32

Health: -9/97      AC: 12    Str:  8 (10) XL:     11   Next: 36%
Magic:  4/14       EV: 15    Int: 23 (25) God:    Ru [****..]
Gold:   626        SH:  0    Dex:  9 (12) Spells: 6/14 levels left

rFire    x x .     SeeInvis .   i - +0 short sword (elec)
rCold    . . .     Gourm    .   (no shield)
rNeg     . . .     Faith    .   (armour unavailable)
rPois    .         Spirit   .   (helmet restricted)
rElec    +         Reflect  .   m - +1 cloak
rCorr    .         Harm     .   q - +1 pair of gloves
MR       .....                  D - +0 pair of boots
Stlth    ++........             l - amulet of the acrobat
HPRegen  0.26/turn              j - ring of ice
MPRegen  0.14/turn              s - +6 ring of intelligence

@: slowed, very slow
A: breathe lightning, unfitting armour, electricity resistance, cold-blooded,
hated by all, temperature sensitive, AC +7
a: Breathe Lightning, Draw Out Power, Power Leap, Renounce Religion


You were in an ice cave.
You worshipped Ru.
Ru was greatly pleased with you.
You were hungry.

You visited 3 branches of the dungeon, and saw 12 of its levels.
You also visited: Ice Cave.

You collected 710 gold pieces.
You spent 84 gold pieces at shops.

Inventory:

Hand Weapons
 c - a +1 dagger
 i - a +0 short sword of electrocution (weapon)
Armour
 m - a +1 cloak (worn)
 q - a +1 pair of gloves (worn)
 D - a +0 pair of boots (worn)
Jewellery
 h - an uncursed ring of protection from fire
 j - a ring of ice (left hand)
 k - a +3 ring of evasion
 l - an amulet of the acrobat (around neck)
 s - a +6 ring of intelligence (right hand)
Wands
 r - a wand of acid (7)
 u - a wand of digging (6)
 v - a wand of paralysis (5)
 C - a wand of polymorph (9)
 E - a wand of flame (4)
Scrolls
 a - a scroll of magic mapping
 d - 8 scrolls of identify
 g - 3 scrolls of amnesia
 n - 7 scrolls of teleportation
 p - a scroll of fog
Potions
 e - a potion of resistance
 f - 2 potions of brilliance
 t - a potion of might
 w - a potion of curing
 x - 2 potions of flight
 A - a potion of haste
 F - a potion of magic
Comestibles
 b - 16 rations


   Skills:
 + Level 9.5 Fighting
 + Level 8.3 Dodging
 - Level 1.7 Stealth
 - Level 2.0 Spellcasting
 + Level 9.3 Conjurations
 + Level 9.9 Fire Magic


You had 6 spell levels left.
You knew the following spells:

 Your Spells              Type           Power        Failure   Level  Hunger
a - Flame Tongue          Conj/Fire      #####        1%          1    #......
b - Conjure Flame         Conj/Fire      #####...     1%          3    ###....
c - Sticky Flame          Conj/Fire      #####...     2%          4    #####..

Your spell library contained the following spells:

 Spells                   Type           Power        Failure   Level  Hunger
 Magic Dart               Conj           ####         1%          1    #......
 Searing Ray              Conj           #####.       1%          2    ##.....
 Throw Flame              Conj/Fire      #####.       1%          2    ##.....
 Iskenderun's Mystic Bla  Conj           #####...     2%          4    #####..
 Inner Flame              Hex/Fire       ####....     4%          3    ###....
 Dazzling Spray           Conj/Hex       ###...       5%          3    ###....
 Fireball                 Conj/Fire      #####.....   7%          5    ######.
 Force Lance              Conj/Tloc      ###.....     19%         4    #####..
 Fulminant Prism          Conj/Hex       ###.......   19%         4    #####..


Dungeon Overview and Level Annotations

Branches:
Dungeon (8/15)             Temple (1/1) D:7            Lair (3/6) D:8
  Swamp (0/4) Lair:3
  Snake: Lair:2-4    Spider: Lair:2-4

Altars:
Ashenzari
Cheibriados
Dithmenos
Elyvilon
Fedhas
Gozag
Hepliaklqana
Kikubaaqudgha
Makhleb
Nemelex Xobeh
Okawaru
Qazlal
Ru
Sif Muna
Trog
Uskayaw
Vehumet
Wu Jian
Xom
Yredelemnul
Zin
The Shining One

Shops:
D:6 ?   D:7 [

Annotations:
D:5 2 runed translucent doors
Lair:1 exclusion: oklob plant


Innate Abilities, Weirdness & Mutations

You can breathe wild blasts of lightning.
Your glossy black scales are hard. (AC +7)
You cannot fit into any form of body armour.
You are resistant to electric shocks. (rElec)
You are cold-blooded and may be slowed by cold attacks.
You are hated by all.
You are sensitive to extremes of temperature. (rF-, rC-)


Message History

The freezing wraith freezes you!
You feel as though you will be slow longer.
* * * LOW HITPOINT WARNING * * *
You focus your will and blind the freezing wraith in retribution!
The freezing wraith hits you.
* * * LOW HITPOINT WARNING * * *
The freezing wraith drains your vigour!
You feel as though you will be slow longer.
The freezing wraith closely misses you. x2
There is an ice choked empty arch of ancient stone here.
The freezing wraith completely misses you. x2
The freezing wraith is no longer blind.
There is an ice covered gate leading back out of this place here.
Okay, then.
Unknown command.
The freezing wraith hits you!
* * * LOW HITPOINT WARNING * * *
The freezing wraith freezes you!
You feel as though you will be slow longer.
You die...

#####
##...##
##..@..##
#...W...#
#...∩...#
##.....##
##...##
#...##
##...#
##...#
##...##


You could see a freezing wraith.

Vanquished Creatures
  Maurice (D:8)
  4 spiny frogs
  A centaur skeleton (D:8)
  A komodo dragon (Lair:1)
  2 ice devils (Lair:3)
  A wolf spider simulacrum (IceCv)
  A troll (D:8)
  4 hippogriffs
  2 slime creatures (D:7)
  8 yaks (D:8)
  A spriggan (D:7)
  2 basilisks
  A wyvern (Lair:2)
  4 water moccasins
  A sky beast (D:6)
  6 ice beasts
  3 ogres
  5 wolves (D:8)
  A centaur (D:7)
  6 crocodiles
  4 big kobolds
  6 bullfrogs
  A water moccasin zombie (D:5)
  4 killer bees
  2 scorpions
  2 elephant simulacra (IceCv)
  2 electric eels (D:8)
  A crimson imp (D:5)
  5 jellies (D:7)
  An orc priest (D:4)
  6 hounds
  5 orc wizards
  5 iguanas
  Natasha (thrice) (D:3)
  7 worker ants
  A killer bee zombie (D:7)
  A wolf simulacrum (IceCv)
  2 worker ant zombies
  13 adders
  A shadow imp (D:8)
  5 white imps (IceCv)
  5 oozes (D:7)
  2 adder zombies
  6 worms
  2 dart slugs (D:2)
  5 leopard geckos
  23 orcs
  2 ball pythons
  10 bats
  6 giant cockroaches
  6 goblins
  8 hobgoblins
  4 jackals
  6 quokkas
  A ball python skeleton (D:4)
  8 frilled lizards
  A jackal skeleton (D:4)
  23 kobolds
  A quokka skeleton (D:7)
  8 rats
259 creatures vanquished.

Vanquished Creatures (others)
  A centaur (D:8)
  A killer bee (D:7)
  A crimson imp (D:7)
  A jackal (D:3)
  9 fungi
  A plant (Lair:1)
  8 toadstools (D:7)
22 creatures vanquished.

Grand Total: 281 creatures vanquished

Notes
Turn   | Place    | Note
-------+----------+-------------------------------------------
     0 | D:1      | pkoi the Draconian Fire Elementalist began the quest for
                  | the Orb.
     0 | D:1      | Reached XP level 1. HP: 14/14 MP: 3/3
   202 | D:1      | Reached XP level 2. HP: 20/20 MP: 1/5
  1070 | D:2      | Reached XP level 3. HP: 26/26 MP: 3/6
  1193 | D:2      | Learned a level 3 spell: Conjure Flame
  1523 | D:2      | You fall through a shaft for 2 floors!
  1524 | D:4      | Noticed an ogre
  1681 | D:2      | Reached XP level 4. HP: 30/33 MP: 5/7
  2190 | D:2      | Found a glowing silver altar of Zin.
  2191 | D:2      | Found an ancient bone altar of Kikubaaqudgha.
  2196 | D:2      | Found a stormy altar of Qazlal.
  2197 | D:2      | Found a hide-covered altar of Uskayaw.
  2197 | D:2      | Found a burning altar of Makhleb.
  2197 | D:2      | Found a snail-covered altar of Cheibriados.
  2198 | D:2      | Found a white marble altar of Elyvilon.
  2200 | D:2      | Found a sacrificial altar of Ru.
  2202 | D:2      | Found an ornate altar of the Wu Jian Council.
  2204 | D:2      | Found a shattered altar of Ashenzari.
  2310 | D:2      | Became a worshipper of Ru the Awakened
  2336 | D:3      | Found a faded altar of an unknown god.
  2378 | D:3      | Noticed Natasha
  2591 | D:3      | Killed Natasha
  2666 | D:3      | Noticed Natasha
  2676 | D:3      | Killed Natasha
  2676 | D:3      | Reached skill level 1 in Fighting
  2676 | D:3      | Reached XP level 5. HP: 32/40 MP: 2/8
  2702 | D:3      | Noticed Natasha
  2708 | D:3      | Killed Natasha
  3127 | D:4      | Learned a level 4 spell: Sticky Flame
  3165 | D:4      | Killed an ogre
  3165 | D:4      | Reached XP level 6. HP: 32/48 MP: 1/9
  3808 | D:4      | Gained mutation: You are hated by all. [Ru sacrifice]
  3808 | D:4      | Reached * piety under Ru
  3966 | D:4      | Reached skill level 5 in Fire Magic
  4566 | D:5      | Entered Level 5 of the Dungeon
  4574 | D:5      | Your scales start taking on a glossy black colour.
  4574 | D:5      | Reached XP level 7. HP: 56/57 MP: 6/10
  4574 | D:5      | Gained mutation: You are resistant to electric shocks.
                  | (rElec) [Black Draconian growth]
  5272 | D:5      | Found a runed translucent door.
  5286 | D:5      | Found a runed translucent door.
  5427 | D:5      | Found a sparkling altar of Nemelex Xobeh.
  5427 | D:5      | Found a basalt altar of Yredelemnul.
  6077 | D:6      | Reached skill level 5 in Conjurations
  6077 | D:6      | Reached XP level 8. HP: 64/66 MP: 5/11
  6203 | D:6      | Found Foydeawk's Magic Scroll Shoppe.
  6212 | D:6      | Bought a scroll of amnesia for 42 gold pieces
  6212 | D:6      | Bought a scroll of immolation for 42 gold pieces
  6956 | D:7      | Reached skill level 5 in Fighting
  7092 | D:7      | Found Unuimpofu's Antique Armour Boutique.
  7096 | D:7      | Found a staircase to the Ecumenical Temple.
  7314 | Temple   | Entered the Ecumenical Temple
  7803 | D:7      | Reached skill level 5 in Dodging
  7895 | D:7      | Gained mutation: You are sensitive to extremes of
                  | temperature. (rF-, rC-) [Ru sacrifice]
  7895 | D:7      | Reached ** piety under Ru
  7895 | D:7      | Reached *** piety under Ru
  7895 | D:7      | Reached **** piety under Ru
  8196 | D:7      | Reached XP level 9. HP: 51/75 MP: 2/12
  8882 | D:8      | Noticed Maurice
  9897 | D:8      | Reached XP level 10. HP: 70/86 MP: 13/13
 10335 | D:8      | Found a staircase to the Lair.
 10741 | D:8      | Killed Maurice
 11137 | Lair:1   | Entered Level 1 of the Lair of Beasts
 12011 | Lair:1   | Noticed a spiny frog
 12019 | Lair:1   | Killed a spiny frog
 12305 | Lair:1   | Noticed a spiny frog
 12315 | Lair:1   | Killed a spiny frog
 12460 | Lair:1   | Reached XP level 11. HP: 64/97 MP: 9/14
 12649 | Lair:1   | Noticed an oklob plant
 14051 | Lair:3   | Found a frozen archway.
 14134 | IceCv    | Entered an ice cave
 14728 | IceCv    | HP: 4/97 [freezing wraith (11)]
 14735 | IceCv    | HP: 1/97 [freezing wraith (10)]
 14735 | IceCv    | Mangled by a freezing wraith

Skill      XL: |  1  2  3  4  5  6  7  8  9 10 11 |
---------------+----------------------------------+-----
Conjurations   | 2 3 4 5 6 7 8 9 |  9.3
Fire Magic     | 4 5 6 8 9 |  9.9
Dodging        | 2 3 4 5 6 7 8 |  8.3
Fighting       | 1 2 3 4 5 7 9 |  9.5
Stealth        | |  1.7
Spellcasting   | |  2.0

Action                   |  1- 3 |  4- 6 |  7- 9 | 10-12 || total
-------------------------+-------+-------+-------+-------++-------
Melee: Unarmed           |     7 |       |       |       ||     7
       Tailslap          |     4 |     1 |    41 |    23 ||    69
       Dagger            |    38 |    19 |   427 |       ||   484
       Short sword       |       |       |    25 |   176 ||   201
 Cast: Flame Tongue      |    57 |   117 |   252 |    84 ||   510
       Sticky Flame      |       |     1 |     4 |    38 ||    43
       Conjure Flame     |       |       |     8 |     4 ||    12
Invok: Sacrifice Love    |       |     1 |       |       ||     1
       Sacrifice Resista |       |       |     1 |       ||     1
       Reject Sacrifices |       |       |       |     1 ||     1
 Abil: Breathe Lightning |       |       |     3 |       ||     3
Evoke: Wand              |       |       |     1 |     1 ||     2
  Use: Scroll            |     3 |       |     2 |    12 ||    17
       Potion            |       |       |       |     7 ||     7
 Stab: Paralysed         |       |       |     4 |       ||     4
       Distracted        |       |       |     1 |       ||     1
  Eat: Chunk             |     3 |    11 |    16 |    15 ||    45
       Ration            |       |       |     2 |     3 ||     5
Armor: Skin              |    26 |    10 |   147 |    84 ||   267
Dodge: Dodged            |    70 |    49 |   434 |   261 ||   814
